 Dungeon Crawl Stone Soup version 0.29.1-14-g9c671dbff4 (webtiles) character file.

Game seed: 9946902104580829102

71 Wobber the Changer (level 4, -5/28 HPs)
             Began as an Octopode Transmuter on Feb 14, 2023.
             Slain by a gnoll
             ... wielding a +0 flail
              (7 damage)
             ... on level 2 of the Dungeon.
             The game lasted 00:03:57 (1633 turns).

Wobber the Changer (Octopode Transmuter)            Turns: 1633, Time: 00:03:58

Health: -5/28      AC:  1    Str:  9    XL:     4   Next: 24%
Magic:  7/7        EV: 13    Int: 17    God:
Gold:   102        SH:  0    Dex: 12    Spells: 3/7 levels left

rFire   . . .      SeeInvis .     - Unarmed
rCold   . . .      Faith    .   (no shield)
rNeg    . . .      Spirit   .   (helmet restricted)
rPois   .          Reflect  .   (no amulet)
rElec   .          Harm     .   (no ring)
rCorr   .          Rampage  .   (no ring)
Will    .....                   (no ring)
Stlth   ++........              (no ring)
HPRegen 0.09/turn               (no ring)
MPRegen 0.10/turn               (no ring)
                                (no ring)
                                (no ring)

@: flying, hasted, very quick
A: almost no armour, amphibious, 8 rings, camouflage 1, gelatinous body 1,
(nimble swimmer 1), tentacles
a: no special abilities


You were on level 2 of the Dungeon.
You visited 1 branch of the dungeon, and saw 2 of its levels.

You collected 102 gold pieces.

Inventory:

Missiles
 b - 9 stones
Scrolls
 c - a scroll of vulnerability {unknown}
 f - a scroll of enchant weapon {unknown}
 i - a scroll of identify {unknown}
Potions
 a - a potion of lignification


   Skills:
 - Level 1.0 Fighting
 - Level 2.0 Dodging
 - Level 3.0 Unarmed Combat
 - Level 2.0 Spellcasting
 + Level 4.0 Transmutations
 + Level 1.9 Poison Magic


You had 3 spell levels left.
You knew the following spells:

 Your Spells              Type           Power      Damage    Failure   Level
a - Beastly Appendage     Tmut           30%        N/A       3%          1
b - Spider Form           Tmut/Pois      11%        N/A       17%         3

Your spell library contained the following spells:

 Spells                   Type           Power      Damage    Failure   Level
 Wereblood                Tmut           15%        N/A       5%          2
 Sting                    Tmut/Pois      44%        1d5       6%          1
 Poisonous Vapours        Pois/Air       8%         N/A       21%         2
 Ice Form                 Ice/Tmut       8%         N/A       63%         4
 Olgreb's Toxic Radiance  Pois           8%         N/A       65%         4


Dungeon Overview and Level Annotations

Branches:
Dungeon (2/15)

Altars:


Innate Abilities, Weirdness & Mutations

You cannot wear most types of armour.
You are amphibious.
You can wear up to eight rings at the same time.
Your skin changes colour to match your surroundings (Stealth+).
Your rubbery body absorbs attacks. (AC +1, EV +1)
((You are camouflaged when in or above water. (Stealth+)))
You have tentacles for arms and can constrict up to eight enemies at once.


Message History

The iron imp disappears in a puff of smoke!
The gnoll is attracted toward you. The endoplasm is attracted toward you.
The crimson imp is attracted toward you.
You closely miss Natasha. Your grab misses Natasha.
Natasha wildly gestures.
Natasha's front paws start to glow.
Natasha closely misses you.
You tentacle-slap Natasha. Your grab misses Natasha.
Your tentacle spike misses Natasha.
You squeeze Natasha!
Natasha is severely wounded.
Your tentacle spike disappears.
Natasha stares at you and mumbles some strange words.
The magic dart hits you!
You closely miss Natasha. Your grab misses Natasha. You squeeze Natasha.
You kill Natasha!
Natasha screams in pain as she dies!
The crimson imp disappears in a puff of smoke!
A rat comes into view.
The gnoll is attracted toward you. The endoplasm is attracted toward you.
The rat is attracted toward you.
Your Transmutations skill increases to level 4!
You have reached level 4!
You barely miss the gnoll. You grab the gnoll.
You squeeze the gnoll, but do no damage.
You constrict the gnoll. The gnoll misses you.
The endoplasm jiggles.
The gnoll hits you from afar with a +0 halberd!
* * * LOW HITPOINT WARNING * * *
You tentacle-slap the gnoll but do no damage.
The gnoll is lightly wounded.
You constrict the gnoll. The gnoll completely misses you. The gnoll misses you.
You tentacle-slap the gnoll but do no damage.
The gnoll is lightly wounded.
You constrict the gnoll.
You feel less attractive to monsters.
It was a potion of flight.
You feel very buoyant.
You fly up into the air.
You constrict the gnoll. The gnoll misses you. x2
It was a potion of haste.
You feel yourself speed up.
You constrict the gnoll. The gnoll hits you with a +0 flail!
You die...

##### #...# ######.
#...##########....... ###
#.......@ggJr........
..#######....#########.......
.......##...####..## ......#
.#####.##...##PPP.P# .g....#
## #.#....##..P..## ......#
## #.........♣♣P..# .g...?#
.#######......P♣♣...# .......
........P.♣♣♣P..♣..## .......
#...#.....♣♣P...P.##


You could see 2 gnolls, an endoplasm and a rat.

Vanquished Creatures
  Natasha (D:2)
  A gnoll (D:2)
  An adder (D:2)
  2 ball pythons
  3 endoplasms
  A giant cockroach (D:2)
  4 goblins
  2 hobgoblins
  8 bats
  A frilled lizard (D:1)
  2 kobolds (D:1)
  2 rats
28 creatures vanquished.

Vanquished Creatures (others)
  4 plants (D:2)
4 creatures vanquished.

Grand Total: 32 creatures vanquished

Notes
Turn   | Place    | Note
-------+----------+-------------------------------------------
     0 | D:1      | Wobber the Octopode Transmuter began the quest for the Orb.
     0 | D:1      | Reached XP level 1. HP: 13/13 MP: 3/3
   372 | D:1      | Reached XP level 2. HP: 18/18 MP: 3/5
   925 | D:1      | Reached skill level 3 in Transmutations
  1144 | D:2      | Reached XP level 3. HP: 15/23 MP: 3/6
  1178 | D:2      | Learned a level 3 spell: Spider Form
  1600 | D:2      | Noticed Natasha
  1607 | D:2      | HP: 1/23 [bat (1)]
  1621 | D:2      | Reached skill level 1 in Poison Magic
  1628 | D:2      | Killed Natasha
  1629 | D:2      | Reached skill level 4 in Transmutations
  1629 | D:2      | Reached XP level 4. HP: 11/28 MP: 7/7
  1629 | D:2      | HP: 1/28 [gnoll/+0 halberd (10)]
  1633 | D:2      | Slain by a gnoll

Illustrated notes

Levels and vault maps discovered:
D:1:      saegor_arrival_simple_b, layout_loops_ring
D:2:      layout_rooms, serial_forest, infiniplex_forest_clump_double,
          infiniplex_forest_straight_4, infiniplex_forest_lined_room_3,
          infiniplex_forest_clump_medium, infiniplex_forest_lined_1,
          infiniplex_forest_fountain, infiniplex_forest_clump_small,
          infiniplex_forest_corner_2, infiniplex_forest_lined_room_3,
          uniq_natasha

Skill      XL: |  1  2  3 |
---------------+----------+-----
Transmutations | 3 4 |  4.0
Poison Magic   | 1 |  1.9
Fighting       | |  1.0
Dodging        | |  2.0
Unarmed Combat | |  3.0
Spellcasting   | |  2.0

Action                   |  1- 3 |  4- 6 || total
-------------------------+-------+-------++-------
Melee: Unarmed           |    65 |     3 ||    68
       Tentacles         |    15 |     1 ||    16
       Kick              |    17 |       ||    17
       Constrict         |    14 |     1 ||    15
       Punch             |     1 |       ||     1
 Cast: Beastly Appendage |    19 |       ||    19
  Use: Potion            |     2 |     2 ||     4
 Stab: Sleeping          |     6 |       ||     6
Armor: Skin              |     5 |       ||     5
Dodge: Dodged            |    53 |     5 ||    58
